 Dungeon Crawl Stone Soup version 0.30-a0-879-ga8ba668304 (webtiles) character file.

Game seed: 9430694265775583835

154 cheesebisquit the Ruffian (level 5, -8/47 HPs)
             Began as a Ghoul Monk on Mar 14, 2023.
             Mangled by an iguana (11 damage)
             ... on level 3 of the Dungeon.
             The game lasted 00:08:50 (2696 turns).

cheesebisquit the Ruffian (Ghoul Monk)              Turns: 2696, Time: 00:08:51

Health: -8/47      AC:  8    Str: 17    XL:     5   Next: 35%
Magic:  4/4        EV: 12    Int:  5    God:
Gold:   199        SH:  0    Dex: 11    Spells: 4/4 levels left

rFire   . . .      SeeInvis .      - Unarmed
rCold   + + .      Faith    .    (no shield)
rNeg    + + +      Spirit   .    q - +0 leather armour
rPois   ∞          Reflect  .    (no helmet)
rElec   .          Rampage  .    (no cloak)
rCorr   .                        e - +0 pair of gloves
Will    .....                    (no boots)
Stlth   ++                       (no amulet)
HPRegen 0.00/turn                i - ring of protection from cold
MPRegen 0.09/turn                a - +4 ring of protection

@: inhibited regen
A: claws 1, cold resistance 1, negative energy resistance 3, inhibited
regeneration, torment resistance 2, devour on kill
a: no special abilities


You were on level 3 of the Dungeon.
You visited 1 branch of the dungeon, and saw 4 of its levels.

You collected 199 gold pieces.

Inventory:

Missiles
 j - 3 atropa-tipped darts (quivered)
Armour
 e - a +0 pair of gloves (worn)
 q - a +0 leather armour (worn)
Jewellery
 a - a +4 ring of protection (right hand)
 i - a ring of protection from cold (left hand)
Scrolls
 b - a scroll of fog {unknown}
 d - 2 scrolls of teleportation
 g - a scroll of silence {unknown}
 h - a scroll of identify
 l - a scroll of immolation {unknown}
 n - a scroll of enchant weapon {unknown}
 p - a scroll of noise {unknown}
Potions
 c - a potion of resistance
 k - a potion of flight
 m - a potion of attraction


   Skills:
 + Level 4.4 Fighting
 - Level 2.6 Dodging
 + Level 2.6 Stealth
 * Level 5.5 Unarmed Combat


You had 4 spell levels left.
You didn't know any spells.
Your spell library was empty.

Dungeon Overview and Level Annotations

Branches:
Dungeon (4/15)
 Temple: D:4-7

Altars:


Innate Abilities, Weirdness & Mutations

You are immune to poison.
You have sharp fingernails.
Your flesh is cold resistant. (rC+)
You are immune to negative energy. (rN+++)
You do not regenerate when monsters are visible.
You are immune to unholy pain and torment.
You thrive by killing the living.


Message History

The hound is lightly wounded.
The hound bites you but does no damage.
You punch the hound! You punch the hound.
The hound is almost dead.
The hound bites you but does no damage. The hound misses you.
You miss the hound.
The hound is almost dead.
The hound bites you.
You barely miss the hound.
The hound is almost dead.
The hound bites you but does no damage. x2
You closely miss the hound.
The hound is almost dead.
The hound bites you.
* * * LOW HITPOINT WARNING * * *
You hit the hound.
The hound is almost dead.
The hound bites you but does no damage.
You closely miss the hound.
The hound is almost dead.
The hound bites you.
* * * LOW HITPOINT WARNING * * *
The hound bites you but does no damage.
You hit the hound.
You kill the hound!
You barely miss the iguana. The iguana barely misses you.
You hit the iguana. Your punch misses the iguana.
The iguana is lightly wounded.
The iguana barely misses you.
You hit the iguana.
The iguana is lightly wounded.
The iguana bites you but does no damage.
You hit the iguana.
The iguana is heavily wounded.
The iguana bites you!
* * * LOW HITPOINT WARNING * * *
You barely miss the iguana.
The iguana is heavily wounded.
The iguana bites you!
You die...

#.# ##.######.# #.# #.#
#.##.<...# #.# #.#
#.##.###.# #.# #.# #.##.#
#.# #.# #.# #.##.###.#
#.# #.# #........###.###
#.# #.....>........#
#.#########.#l#######.#.#
#............@# #.#.#
###########.#.# #.#.#
################)# #.#.#
†............# #.# #.#.#
############.# #[# #.#.#
#.# #[#######.#.#
#.###.#.......#.#
#...............#
#####.#.#########


You could see an iguana.

Vanquished Creatures
  A hound (D:3)
  An orc wizard (D:3)
  5 adders (D:2)
  A dart slug (D:1)
  5 orcs (D:3)
  9 endoplasms
  2 giant cockroaches (D:1)
  5 goblins
  6 hobgoblins
  3 quokkas
  5 ball pythons
  4 bats
  6 frilled lizards
  4 kobolds
  A rat (D:1)
58 creatures vanquished.

Notes
Turn   | Place    | Note
-------+----------+-------------------------------------------
     0 | D:1      | cheesebisquit the Ghoul Monk began the quest for the Orb.
     0 | D:1      | Reached XP level 1. HP: 19/19 MP: 0/0
   203 | D:1      | Reached XP level 2. HP: 26/26 MP: 1/1
   409 | D:1      | Reached skill level 4 in Unarmed Combat
   932 | D:2      | You fall into a shaft and drop 1 floor!
   962 | D:2      | Reached XP level 3. HP: 33/33 MP: 2/2
  1192 | D:2      | Reached XP level 4. HP: 30/40 MP: 3/3
  1449 | D:2      | Reached skill level 5 in Unarmed Combat
  2119 | D:3      | Reached XP level 5. HP: 12/47 MP: 4/4
  2696 | D:3      | Mangled by an iguana

Illustrated notes

Levels and vault maps discovered:
D:1:      lightli_arrival_maybe_door_vault, layout_basic
D:2:      layout_loops_ring, basic_altar, minmay_heptomino_o4
D:3:      layout_loops_ring, serial_glass, glass_columns_b, glass_columns_b,
          item_on_display_a, item_on_display_a, item_on_display_a,
          due_unseen_surprise, wander_ebering_terrifying_dragon_lair
D:4:      layout_basic

Skill      XL: |  1  2  3  4 |
---------------+-------------+-----
Unarmed Combat | 4 5 |  5.5
Fighting       | 4 |  4.4
Dodging        | |  2.6
Stealth        | |  2.6

Action                     |  1- 3 |  4- 6 || total
---------------------------+-------+-------++-------
  Melee: Unarmed           |   103 |   132 ||   235
         Punch             |     1 |     3 ||     4
  Throw: Dart              |       |     3 ||     3
         Stone             |       |     5 ||     5
    Use: Potion            |       |     4 ||     4
         Scroll            |       |     3 ||     3
   Stab: Sleeping          |     5 |     2 ||     7
 Armour: Robe              |    20 |    10 ||    30
         Leather armour    |       |    21 ||    21
  Dodge: Dodged            |    58 |    60 ||   118

Table legend: (Time is in decaauts)
 A = Elapsed time spent in this place.
 B = Non-inter-level travel time spent in this place.
 C = Inter-level travel time spent in this place.
 D = Time resting spent in this place.
 E = Time spent auto-exploring this place.
 F = Levels seen in this place.
 G = Mean time per level.
                   A        B        C        D        E       F      G
               +--------+--------+--------+--------+--------+-----+--------+
         Total |   2676 |   2604 |     72 |      0 |   2084 |   4 |  669.0 |
       Dungeon |   2676 |   2604 |     72 |      0 |   2084 |   4 |  669.0 |
               +--------+--------+--------+--------+--------+-----+--------+

Top non-repeatable levels by time:
     D:3: 957 daAuts
     D:1: 933 daAuts
     D:2: 774 daAuts
     D:4: 11 daAuts
